Map: 블랙핑크 - 래더

Players

INnoVation - Winner!

  • Race: Terran Terran
  • League: Grandmaster
  • Spawn Location: 1:00

Classic

  • Race: Protoss Protoss
  • League: Master
  • Spawn Location: 7:00

VOD

Have the link to the VOD?

Description

Time

  • Played on: Dec. 23, 2017, 4:54 a.m.
  • Length: 16:35
Show
View Real Time Build Order
Export as new Build Order

INnoVation Terran - Winner!

Build Orders: Reaper Expand, MMM Bio 

Get SALT Encoding   

  12  0:00  SCV  
  13  0:12  SCV  
  14  0:17  Supply Depot  
  14  0:25  SCV  
  15  0:38  SCV  
  15  0:39  Barracks  
  16  0:43  Refinery  
  16  0:50  SCV  
  17  1:02  SCV  
  18  1:14  SCV  
  19  1:27  Reaper, Orbital Command  
  20  1:41  Command Center  
  20  1:52  SCV, Supply Depot  
  21  1:59  Barracks Reactor  
  21  2:04  SCV  
  22  2:16  SCV  
  22  2:22  Command Center  
  23  2:28  SCV  
  24  2:31  Barracks  
  24  2:35  Marine  
  24  2:36  Marine  
  26  2:41  SCV  
  27  2:54  SCV, Marine  
  27  2:55  Marine  
  27  2:57  Orbital Command  
  30  3:07  SCV  
  30  3:08  Engineering Bay  
  30  3:12  Marine x2  
  31  3:18  Barracks Tech Lab  
  31  3:19  SCV  
  34  3:23  SCV  
  35  3:31  SCV  
  35  3:33  Marine x2  
  38  3:35  SCV, Orbital Command  
  38  3:37  Marine, Stimpack  
  38  3:40  Terran Infantry Weapons Level 1  
  40  3:43  SCV  
  40  3:47  SCV  
  42  3:48  Barracks  
  42  3:53  Marine x2  
  42  3:54  Marine  
  45  3:56  SCV  
  45  3:59  SCV  
  45  4:01  SCV, Refinery  
  48  4:06  Factory  
  48  4:11  SCV x2  
  48  4:14  SCV, Marine x3  
  54  4:20  Supply Depot, Missile Turret  
  54  4:24  SCV x2  
  56  4:26  SCV  
  57  4:32  Marine x3  
  57  4:34  Bunker  
  57  4:36  Barracks Tech Lab  
  60  4:38  SCV  
  60  4:39  Refinery  
  60  4:41  SCV x2  
  60  4:42  Supply Depot  
  63  4:47  Refinery  
  63  4:48  Supply Depot  
  63  4:50  SCV  
  64  4:54  SCV x2  
  64  4:55  Starport  
  64  4:56  Factory Reactor  
  66  5:05  Combat Shields, Supply Depot  
  66  5:06  Marine x2  
  69  5:11  Barracks  
  69  5:13  Barracks  
  68  5:14  SCV x3  
  68  5:21  Marauder x2  
  75  5:24  Marine x2  
  75  5:27  Supply Depot  
  77  5:31  Supply Depot  
  77  5:37  Terran Infantry Armor Level 1  
  77  5:38  Medivac  
  77  5:40  Medivac  
  77  5:42  Marine x2  
  83  5:44  SCV x2  
  83  5:45  SCV  
  83  5:46  Factory Reactor, Supply Depot  
  83  5:48  Concussive Shells  
  86  5:53  Marauder x2  
  90  5:57  Orbital Command  
  90  5:58  Supply Depot  
  90  6:00  Marine x2, Barracks Tech Lab  
  90  6:01  Barracks Reactor  
  90  6:03  SCV x2  
  94  6:15  Marauder x2  
  94  6:17  SCV x2, Marine x2  
  94  6:18  Supply Depot  
  101  6:24  Widow Mine x2  
  97  6:35  Marauder  
  97  6:37  Marauder x2  
  97  6:39  SCV  
  104  6:40  SCV x2  
  104  6:45  Engineering Bay  
  104  6:46  Marine x4  
  106  6:48  Armory  
  106  6:50  Widow Mine  
  106  6:51  Medivac x2, Widow Mine  
  111  6:55  SCV x2  
  111  6:56  SCV  
  113  7:07  SCV x2, Refinery  
  115  7:08  SCV  
  115  7:11  Marauder x3  
  115  7:15  Supply Depot  
  122  7:16  Widow Mine  
  122  7:17  Refinery  
  122  7:19  Widow Mine  
  122  7:22  Supply Depot  
  126  7:24  Medivac  
  126  7:25  Medivac  
  126  7:29  SCV  
  131  7:30  SCV x2  
  131  7:33  Supply Depot  
  133  7:37  Marine x4, Supply Depot  
  135  7:46  Terran Infantry Armor Level 2, Missile Turret, Terran Infantry Weapons Level 2  
  135  7:50  Widow Mine x2  
  139  7:53  Supply Depot  
  137  7:59  SCV x3  
  137  8:03  Marine  
  137  8:04  Marine x3, Marauder x3  
  149  8:08  Supply Depot  
  149  8:11  SCV x3, Widow Mine x2  
  156  8:15  Terran Ship Weapons Level 1  
  156  8:16  Medivac x2  
  160  8:24  Marine x2  
  160  8:25  Marine x2, Marauder x3  
  160  8:26  Supply Depot  
  170  8:31  Supply Depot  
  170  8:33  Widow Mine x2  
  174  8:42  Command Center  
  174  8:44  Liberator  
  174  8:45  Starport  
  174  8:47  Fusion Core  
  174  8:48  Liberator  
  174  8:49  Marauder  
  174  8:50  Marauder x2  
  174  8:53  Marine x4  
  183  8:58  Widow Mine x2  
  190  9:04  Supply Depot  
  168  9:19  Widow Mine x2  
  168  9:21  Marauder x3  
  149  9:24  Marine  
  149  9:25  Marine x3  
  149  9:27  Starport Tech Lab  
  149  9:30  Liberator x2  
  131  9:40  SCV x3  
  131  9:42  Marine x2, Marauder  
  131  9:43  Marine x2, Marauder x2  
  142  9:46  Advanced Ballistics  
  142  9:50  Missile Turret  
  148  9:55  Planetary Fortress  
  148  10:01  Marine x4  
  148  10:04  Marauder x3  
  137  10:19  Marine x4, Medivac  
  137  10:20  SCV  
  137  10:21  SCV  
  122  10:25  Marauder x2  
  122  10:26  Marauder  
  122  10:27  Widow Mine x2  
  116  10:30  Medivac  
  116  10:31  SCV  
  116  10:32  Liberator  
  116  10:33  SCV x2  
  103  10:43  SCV  
  103  10:45  SCV x2  
  112  10:55  SCV  
  113  10:57  SCV x2  
  118  11:05  Terran Ship Weapons Level 2  
  118  11:07  SCV  
  118  11:09  SCV x2  
  118  11:10  Refinery x2  
  118  11:16  Marine x4, Marauder x3  
  128  11:19  Terran Infantry Weapons Level 3  
  129  11:25  SCV x2  
  129  11:26  SCV  
  129  11:27  Liberator x2  
  129  11:28  Command Center  
  131  11:33  Terran Infantry Armor Level 3  
  131  11:34  Marine, Liberator  
  131  11:35  Marine x3  
  131  11:37  Marauder x3  
  138  11:44  Liberator  
  144  11:53  SCV x3  
  150  11:55  Marine  
  150  11:56  Marine x3  
  150  11:58  Marauder  
  150  11:59  Marauder x2  
  163  12:10  Liberator x2  
  163  12:13  Marine x2  
  163  12:14  Marine x2  
  167  12:17  Liberator  
  167  12:20  Marauder x3  
  167  12:21  SCV x2  
  167  12:22  SCV  
  176  12:23  Missile Turret  
  181  12:30  Liberator  
  181  12:32  Marine x2  
  181  12:33  Marine  
  181  12:36  Marine  
  188  12:41  Marauder x2  
  188  12:42  Marauder  
  194  12:48  Sensor Tower  
  194  12:50  Marine  
  198  13:02  Liberator  
  198  13:04  Barracks x2  
  198  13:05  Ghost Academy  
  198  13:06  Barracks  
  196  13:15  Marine x2, Marauder  
  196  13:16  Marauder x2  
  200  13:25  Terran Ship Weapons Level 3  
  200  13:39  Liberator x2  
  199  13:50  Planetary Fortress  
  199  13:55  Marine x3, Marauder x3  
  198  13:56  Liberator x2  
  174  14:06  Marine  
  149  14:13  Marine x3  
  149  14:16  Marauder  
  149  14:17  Marauder x2  
  159  14:21  Liberator  
  159  14:22  Liberator  
  157  14:26  Marine  
  157  14:28  Barracks Reactor, Barracks Tech Lab  
  157  14:29  Barracks Tech Lab  
  157  14:30  Marine  
  157  14:31  Marine x2  
  144  14:34  SCV  
  144  14:35  SCV x2  
  144  14:38  Marauder x3  
  152  14:49  Marauder x2  
  152  14:51  Marine x3, Moebius Reactor  
  152  14:52  Marine  
  160  14:56  Medivac x2  
  160  14:59  Marauder x3  
  168  15:09  Liberator x2  
  160  15:21  Medivac  
  160  15:22  Ghost x3, Medivac  
  160  15:23  Ghost  
  160  15:24  Ghost  
  160  15:27  Marine x2  
  160  15:28  Marine x4  
  180  15:31  Refinery  
  180  15:32  Refinery  
  182  15:48  Marine x5  
  182  15:49  Marine  
  188  15:51  Medivac  
  188  15:52  Marauder x4, Medivac  
  188  15:56  Missile Turret  
  200  16:06  Command Center  
Show
View Real Time Build Order
Export as new Build Order

Classic Protoss 

Build Orders: 1 Gate Expand, Double Forge, Blink Stalkers 

Get SALT Encoding   

  12  0:00  Probe  
  13  0:13  Probe  
  14  0:17  Pylon  
  14  0:25  Probe (Chrono Boost)  
  15  0:37  Probe (Chrono Boost)  
  15  0:39  Gateway  
  16  0:43  Probe (Chrono Boost)  
  16  0:45  Assimilator  
  17  0:51  Probe  
  18  1:03  Probe  
  19  1:15  Probe  
  20  1:23  Nexus  
  20  1:32  Cybernetics Core  
  20  1:35  Probe  
  21  1:41  Assimilator  
  21  1:47  Probe  
  21  1:52  Pylon  
  22  1:59  Probe  
  23  2:07  Stalker (Chrono Boost)  
  23  2:08  Warp Gate  
  23  2:11  Probe  
  26  2:23  Robotics Facility  
  26  2:25  Probe (Chrono Boost)  
  27  2:35  Probe (Chrono Boost)  
  28  2:38  Stalker  
  28  2:43  Probe (Chrono Boost)  
  32  2:45  Probe (Chrono Boost)  
  32  2:50  Probe (Chrono Boost)  
  32  2:51  Probe (Chrono Boost)  
  33  2:55  Twilight Council  
  34  3:01  Probe (Chrono Boost)  
  36  3:07  Probe (Chrono Boost)  
  36  3:08  Probe (Chrono Boost)  
  37  3:13  Gateway, Probe  
  37  3:16  Probe  
  39  3:21  Gateway  
  39  3:25  Stalker  
  41  3:30  Pylon  
  41  3:31  Observer  
  41  3:33  Probe  
  43  3:34  Probe  
  43  3:38  Assimilator, Blink (Chrono Boost)  
  44  3:46  Probe  
  44  3:48  Probe  
  46  3:51  Pylon  
  46  3:54  Observer  
  47  3:58  Probe  
  47  4:00  Probe  
  49  4:04  Pylon  
  49  4:11  Stalker x2  
  49  4:13  Probe  
  49  4:16  Stalker  
  56  4:29  Nexus  
  56  4:38  Pylon  
  57  4:44  Forge  
  57  4:48  Forge  
  57  4:49  Warp Prism (Chrono Boost)  
  57  4:51  Probe  
  57  4:52  Probe  
  60  4:58  Stalker  
  62  5:00  Stalker  
  62  5:06  Stalker  
  66  5:07  Probe x2  
  66  5:12  Observer  
  68  5:19  Probe x2  
  70  5:22  Protoss Ground Armor Level 1 (Chrono Boost), Protoss Ground Weapons Level 1 (Chrono Boost)  
  70  5:27  Stalker  
  70  5:28  Stalker, Observer  
  74  5:29  Stalker  
  74  5:35  Probe x2  
  78  5:38  Charge  
  78  5:41  Observer  
  78  5:42  Probe  
  80  5:47  Probe x2  
  82  5:52  Zealot x3  
  82  5:55  Pylon, Probe  
  89  5:59  Probe  
  89  6:03  Gateway  
  90  6:05  Gateway  
  90  6:06  Observer  
  90  6:09  Gateway  
  91  6:14  Gateway  
  91  6:27  Zealot x3  
  91  6:29  Immortal  
  91  6:32  Pylon  
  93  6:41  Probe x3  
  88  6:50  Sentry x2, Zealot  
  88  6:53  Gateway x2  
  94  6:54  Probe  
  94  6:55  Probe x2  
  95  7:01  Protoss Ground Weapons Level 2 (Chrono Boost)  
  95  7:04  Assimilator  
  95  7:06  Assimilator  
  95  7:09  Probe x2  
  95  7:10  Protoss Ground Armor Level 2 (Chrono Boost), Probe  
  95  7:11  Pylon  
  95  7:12  Immortal (Chrono Boost)  
  102  7:23  Zealot x3  
  108  7:30  Pylon  
  108  7:31  Pylon  
  108  7:32  Zealot x4  
  108  7:33  Pylon  
  114  7:45  Pylon  
  114  7:46  Templar Archives  
  114  7:57  Zealot x6  
  126  8:04  Zealot x3  
  132  8:06  Warp Prism  
  130  8:14  Pylon  
  130  8:15  Pylon  
  130  8:16  Pylon  
  126  8:22  High Templar  
  126  8:23  High Templar x3  
  126  8:24  Stalker  
  126  8:25  Zealot  
  126  8:27  Archon  
  138  8:28  Archon  
  138  8:33  Nexus  
  138  8:35  Stalker x2  
  138  8:36  Zealot  
  144  8:48  Zealot x2  
  148  8:56  Zealot x3, High Templar x2  
  148  9:00  Archon, Zealot x2  
  160  9:10  Stalker x2  
  121  9:17  Zealot x2  
  121  9:18  Zealot  
  121  9:22  Zealot x2  
  123  9:28  Zealot x2  
  113  9:34  Zealot x2  
  117  9:38  Protoss Ground Armor Level 3 (Chrono Boost), Protoss Ground Weapons Level 3 (Chrono Boost)  
  117  9:54  High Templar  
  117  9:55  Zealot x6  
  117  9:56  High Templar  
  117  9:57  Zealot  
  135  10:00  Archon  
  135  10:01  Probe x3  
  135  10:03  Probe  
  139  10:13  Probe  
  116  10:18  Zealot x6  
  110  10:22  Zealot  
  108  10:31  Zealot x2  
  100  10:40  Psionic Storm  
  84  10:44  Probe  
  84  10:45  Probe x3  
  84  10:48  High Templar x4  
  84  10:49  Zealot x3  
  96  10:52  Archon x2, Zealot  
  96  10:53  Zealot  
  96  10:55  Immortal (Chrono Boost)  
  100  11:01  Probe x4  
  100  11:03  Assimilator  
  108  11:06  Assimilator  
  108  11:13  High Templar  
  108  11:14  Zealot x4  
  118  11:22  High Templar  
  120  11:27  Probe  
  120  11:29  Probe  
  120  11:30  Probe  
  120  11:31  Assimilator, High Templar  
  125  11:37  Stalker x2  
  125  11:39  Stalker  
  129  11:45  Zealot x4  
  129  11:46  Immortal (Chrono Boost)  
  137  11:48  Pylon  
  141  11:57  Stargate  
  136  12:08  High Templar  
  136  12:09  Stalker x3  
  136  12:10  Zealot x5  
  153  12:21  Immortal (Chrono Boost)  
  153  12:25  Nexus  
  153  12:26  Pylon  
  157  12:33  Protoss Shields Level 1 (Chrono Boost)  
  157  12:39  Phoenix (Chrono Boost)  
  155  12:59  Fleet Beacon  
  155  13:01  Stargate  
  155  13:06  High Templar  
  151  13:14  High Templar  
  151  13:15  Zealot x7  
  165  13:25  Probe x4  
  167  13:36  Stalker x3  
  167  13:37  Stalker x2  
  175  13:42  Stalker  
  175  13:47  Stalker  
  175  13:48  Stalker x2  
  177  14:00  Zealot x5  
  125  14:05  Zealot  
  117  14:11  Stalker x3  
  117  14:13  Probe x3  
  118  14:17  Probe  
  118  14:22  Probe  
  120  14:25  Stalker, Probe x2  
  112  14:32  Stalker x3  
  102  14:40  High Templar  
  102  14:41  Zealot, High Templar x3  
  102  14:45  Archon x2  
  108  14:52  Zealot  
  106  14:57  Stalker x3  
  110  15:02  Zealot  
  110  15:06  Observer  
  112  15:07  Observer  
  112  15:09  Immortal (Chrono Boost)  
  108  15:15  Zealot, High Templar x4  
  108  15:20  Zealot x3  
  120  15:25  Zealot  
  122  15:33  Phoenix x2 (Chrono Boost)  
  126  15:39  Stalker  
  128  15:44  High Templar x2  
  128  15:45  Zealot  
  130  15:53  Stalker x3, Zealot  
  130  15:54  Zealot  
  137  16:08  Zealot x2  
  139  16:15  Zealot x2  
  139  16:16  Stalker  
  139  16:17  Stalker  
  146  16:23  Zealot  
Tags
 
Add a new tag
Caveats
  • Supply blocks, unpowered buildings, or Contaminate may cause inaccurate times.
  • Supply counts are checked every 10 seconds.